Workbook

Sheet Patrimônio
A1: 2015 | C1: ATIVOS DE LIQUIDEZ IMEDIATA | I1: INVESTIMENTOS | M1: MOEDAS ESTRANGEIRAS | R1: APOSENTADORIA | W1: PASSIVOS | Z1: TOTAL
A2: Mês | B2: Dia | C2: Dinheiro | D2: Conta Corrente 1 | E2: Conta Corrente 2 | F2: Poupança 1 | G2: Poupança 2 | H2: Total | I2: Ações | J2: Tesouro Direto | K2: Renda fixa | L2: Total | M2: Dólar | N2: Euro | O2: Libra | P2: Peso arg | Q2: Total (R$) | R2: FGTS | S2: PGBL | T2: VGBL | U2: Previdência Privada* | V2: Total | W2: Carro | X2: Imóvel | Y2: Total
A3: Jan | B3: 1 | C3: 0 | D3: 0 | E3: 0 | F3: 0 | G3: 0 | H3: =C3+D3+E3+F3+G3 -> 0,00 | I3: 0 | J3: 0 | K3: 0 | L3: =I3+J3+K3 -> 0,00 | M3: 0 | N3: 0 | O3: 0 | P3: 0 | Q3: =M3*'Cotações Moedas estangeiras'!C3+N3*'Cotações Moedas estangeiras'!D3+O3*'Cotações Moedas estangeiras'!E3+P3*'Cotações Moedas estangeiras'!F3 -> 0,00 | R3: 0 | S3: 0 | T3: 0 | U3: =S3+T3 -> 0,00 | V3: =R3+U3 -> 0,00 | W3: 0 | X3: 0 | Y3: =W3+X3 -> 0,00 | Z3: =H3+L3+Q3+V3+Y3 -> 0,00
C4: 0 | D4: 0 | E4: 0 | F4: 0 | G4: 0 | H4: =C4+D4+E4+F4+G4 -> 0,00 | I4: 0 | J4: 0 | K4: 0 | L4: =I4+J4+K4 -> 0,00 | M4: 0 | N4: 0 | O4: 0 | P4: 0 | Q4: =M4*'Cotações Moedas estangeiras'!C4+N4*'Cotações Moedas estangeiras'!D4+O4*'Cotações Moedas estangeiras'!E4+P4*'Cotações Moedas estangeiras'!F4 -> 0,00 | R4: 0 | S4: 0 | T4: 0 | U4: =S4+T4 -> 0,00 | V4: =R4+U4 -> 0,00 | W4: 0 | X4: 0 | Y4: =W4+X4 -> 0,00 | Z4: =H4+L4+Q4+V4+Y4 -> 0,00
C5: 0 | D5: 0 | E5: 0 | F5: 0 | G5: 0 | H5: =C5+D5+E5+F5+G5 -> 0,00 | I5: 0 | J5: 0 | K5: 0 | L5: =I5+J5+K5 -> 0,00 | M5: 0 | N5: 0 | O5: 0 | P5: 0 | Q5: =M5*'Cotações Moedas estangeiras'!C5+N5*'Cotações Moedas estangeiras'!D5+O5*'Cotações Moedas estangeiras'!E5+P5*'Cotações Moedas estangeiras'!F5 -> 0,00 | R5: 0 | S5: 0 | T5: 0 | U5: =S5+T5 -> 0,00 | V5: =R5+U5 -> 0,00 | W5: 0 | X5: 0 | Y5: =W5+X5 -> 0,00 | Z5: =H5+L5+Q5+V5+Y5 -> 0,00
C6: 0 | D6: 0 | E6: 0 | F6: 0 | G6: 0 | H6: =C6+D6+E6+F6+G6 -> 0,00 | I6: 0 | J6: 0 | K6: 0 | L6: =I6+J6+K6 -> 0,00 | M6: 0 | N6: 0 | O6: 0 | P6: 0 | Q6: =M6*'Cotações Moedas estangeiras'!C6+N6*'Cotações Moedas estangeiras'!D6+O6*'Cotações Moedas estangeiras'!E6+P6*'Cotações Moedas estangeiras'!F6 -> 0,00 | R6: 0 | S6: 0 | T6: 0 | U6: =S6+T6 -> 0,00 | V6: =R6+U6 -> 0,00 | W6: 0 | X6: 0 | Y6: =W6+X6 -> 0,00 | Z6: =H6+L6+Q6+V6+Y6 -> 0,00
C7: 0 | D7: 0 | E7: 0 | F7: 0 | G7: 0 | H7: =C7+D7+E7+F7+G7 -> 0,00 | I7: 0 | J7: 0 | K7: 0 | L7: =I7+J7+K7 -> 0,00 | M7: 0 | N7: 0 | O7: 0 | P7: 0 | Q7: =M7*'Cotações Moedas estangeiras'!C7+N7*'Cotações Moedas estangeiras'!D7+O7*'Cotações Moedas estangeiras'!E7+P7*'Cotações Moedas estangeiras'!F7 -> 0,00 | R7: 0 | S7: 0 | T7: 0 | U7: =S7+T7 -> 0,00 | V7: =R7+U7 -> 0,00 | W7: 0 | X7: 0 | Y7: =W7+X7 -> 0,00 | Z7: =H7+L7+Q7+V7+Y7 -> 0,00
C8: 0 | D8: 0 | E8: 0 | F8: 0 | G8: 0 | H8: =C8+D8+E8+F8+G8 -> 0,00 | I8: 0 | J8: 0 | K8: 0 | L8: =I8+J8+K8 -> 0,00 | M8: 0 | N8: 0 | O8: 0 | P8: 0 | Q8: =M8*'Cotações Moedas estangeiras'!C8+N8*'Cotações Moedas estangeiras'!D8+O8*'Cotações Moedas estangeiras'!E8+P8*'Cotações Moedas estangeiras'!F8 -> 0,00 | R8: 0 | S8: 0 | T8: 0 | U8: =S8+T8 -> 0,00 | V8: =R8+U8 -> 0,00 | W8: 0 | X8: 0 | Y8: =W8+X8 -> 0,00 | Z8: =H8+L8+Q8+V8+Y8 -> 0,00
C9: 0 | D9: 0 | E9: 0 | F9: 0 | G9: 0 | H9: =C9+D9+E9+F9+G9 -> 0,00 | I9: 0 | J9: 0 | K9: 0 | L9: =I9+J9+K9 -> 0,00 | M9: 0 | N9: 0 | O9: 0 | P9: 0 | Q9: =M9*'Cotações Moedas estangeiras'!C9+N9*'Cotações Moedas estangeiras'!D9+O9*'Cotações Moedas estangeiras'!E9+P9*'Cotações Moedas estangeiras'!F9 -> 0,00 | R9: 0 | S9: 0 | T9: 0 | U9: =S9+T9 -> 0,00 | V9: =R9+U9 -> 0,00 | W9: 0 | X9: 0 | Y9: =W9+X9 -> 0,00 | Z9: =H9+L9+Q9+V9+Y9 -> 0,00
C10: 0 | D10: 0 | E10: 0 | F10: 0 | G10: 0 | H10: =C10+D10+E10+F10+G10 -> 0,00 | I10: 0 | J10: 0 | K10: 0 | L10: =I10+J10+K10 -> 0,00 | M10: 0 | N10: 0 | O10: 0 | P10: 0 | Q10: =M10*'Cotações Moedas estangeiras'!C10+N10*'Cotações Moedas estangeiras'!D10+O10*'Cotações Moedas estangeiras'!E10+P10*'Cotações Moedas estangeiras'!F10 -> 0,00 | R10: 0 | S10: 0 | T10: 0 | U10: =S10+T10 -> 0,00 | V10: =R10+U10 -> 0,00 | W10: 0 | X10: 0 | Y10: =W10+X10 -> 0,00 | Z10: =H10+L10+Q10+V10+Y10 -> 0,00
C11: 0 | D11: 0 | E11: 0 | F11: 0 | G11: 0 | H11: =C11+D11+E11+F11+G11 -> 0,00 | I11: 0 | J11: 0 | K11: 0 | L11: =I11+J11+K11 -> 0,00 | M11: 0 | N11: 0 | O11: 0 | P11: 0 | Q11: =M11*'Cotações Moedas estangeiras'!C11+N11*'Cotações Moedas estangeiras'!D11+O11*'Cotações Moedas estangeiras'!E11+P11*'Cotações Moedas estangeiras'!F11 -> 0,00 | R11: 0 | S11: 0 | T11: 0 | U11: =S11+T11 -> 0,00 | V11: =R11+U11 -> 0,00 | W11: 0 | X11: 0 | Y11: =W11+X11 -> 0,00 | Z11: =H11+L11+Q11+V11+Y11 -> 0,00
C12: 0 | D12: 0 | E12: 0 | F12: 0 | G12: 0 | H12: =C12+D12+E12+F12+G12 -> 0,00 | I12: 0 | J12: 0 | K12: 0 | L12: =I12+J12+K12 -> 0,00 | M12: 0 | N12: 0 | O12: 0 | P12: 0 | Q12: =M12*'Cotações Moedas estangeiras'!C12+N12*'Cotações Moedas estangeiras'!D12+O12*'Cotações Moedas estangeiras'!E12+P12*'Cotações Moedas estangeiras'!F12 -> 0,00 | R12: 0 | S12: 0 | T12: 0 | U12: =S12+T12 -> 0,00 | V12: =R12+U12 -> 0,00 | W12: 0 | X12: 0 | Y12: =W12+X12 -> 0,00 | Z12: =H12+L12+Q12+V12+Y12 -> 0,00
C13: 0 | D13: 0 | E13: 0 | F13: 0 | G13: 0 | H13: =C13+D13+E13+F13+G13 -> 0,00 | I13: 0 | J13: 0 | K13: 0 | L13: =I13+J13+K13 -> 0,00 | M13: 0 | N13: 0 | O13: 0 | P13: 0 | Q13: =M13*'Cotações Moedas estangeiras'!C13+N13*'Cotações Moedas estangeiras'!D13+O13*'Cotações Moedas estangeiras'!E13+P13*'Cotações Moedas estangeiras'!F13 -> 0,00 | R13: 0 | S13: 0 | T13: 0 | U13: =S13+T13 -> 0,00 | V13: =R13+U13 -> 0,00 | W13: 0 | X13: 0 | Y13: =W13+X13 -> 0,00 | Z13: =H13+L13+Q13+V13+Y13 -> 0,00
C14: 0 | D14: 0 | E14: 0 | F14: 0 | G14: 0 | H14: =C14+D14+E14+F14+G14 -> 0,00 | I14: 0 | J14: 0 | K14: 0 | L14: =I14+J14+K14 -> 0,00 | M14: 0 | N14: 0 | O14: 0 | P14: 0 | Q14: =M14*'Cotações Moedas estangeiras'!C14+N14*'Cotações Moedas estangeiras'!D14+O14*'Cotações Moedas estangeiras'!E14+P14*'Cotações Moedas estangeiras'!F14 -> 0,00 | R14: 0 | S14: 0 | T14: 0 | U14: =S14+T14 -> 0,00 | V14: =R14+U14 -> 0,00 | W14: 0 | X14: 0 | Y14: =W14+X14 -> 0,00 | Z14: =H14+L14+Q14+V14+Y14 -> 0,00
C15: 0 | D15: 0 | E15: 0 | F15: 0 | G15: 0 | H15: =C15+D15+E15+F15+G15 -> 0,00 | I15: 0 | J15: 0 | K15: 0 | L15: =I15+J15+K15 -> 0,00 | M15: 0 | N15: 0 | O15: 0 | P15: 0 | Q15: =M15*'Cotações Moedas estangeiras'!C15+N15*'Cotações Moedas estangeiras'!D15+O15*'Cotações Moedas estangeiras'!E15+P15*'Cotações Moedas estangeiras'!F15 -> 0,00 | R15: 0 | S15: 0 | T15: 0 | U15: =S15+T15 -> 0,00 | V15: =R15+U15 -> 0,00 | W15: 0 | X15: 0 | Y15: =W15+X15 -> 0,00 | Z15: =H15+L15+Q15+V15+Y15 -> 0,00
... C21: 0 | D21: 0 | E21: 0 | F21: 0 | G21: 0 | H21: =C21+D21+E21+F21+G21 -> 0,00 | I21: 0 | J21: 0 | K21: 0 | L21: =I21+J21+K21 -> 0,00 | M21: 0 | N21: 0 | O21: 0 | P21: 0 | Q21: =M21*'Cotações Moedas estangeiras'!C21+N21*'Cotações Moedas estangeiras'!D21+O21*'Cotações Moedas estangeiras'!E21+P21*'Cotações Moedas estangeiras'!F21 -> 0,00 | R21: 0 | S21: 0 | T21: 0 | U21: =S21+T21 -> 0,00 | V21: =R21+U21 -> 0,00 | W21: 0 | X21: 0 | Y21: =W21+X21 -> 0,00 | Z21: =H21+L21+Q21+V21+Y21 -> 0,00

Sheet Cotações Moedas estangeiras
A1: ='Patrimônio'!A1 -> 2015 | C1: COTAÇÕES MOEDAS ESTRANGEIRAS
A2: ='Patrimônio'!A2 -> Mês | B2: ='Patrimônio'!B2 -> Dia | C2: ='Patrimônio'!M2 -> Dólar | D2: ='Patrimônio'!N2 -> Euro | E2: ='Patrimônio'!O2 -> Libra | F2: ='Patrimônio'!P2 -> Peso arg
A3: ='Patrimônio'!A3 -> Jan | B3: ='Patrimônio'!B3 -> 1 | C3: 0 | D3: 0 | E3: 0 | F3: 0
A4: ='Patrimônio'!A4 | B4: ='Patrimônio'!B4 | C4: 0 | D4: 0 | E4: 0 | F4: 0
A5: ='Patrimônio'!A5 | B5: ='Patrimônio'!B5 | C5: 0 | D5: 0 | E5: 0 | F5: 0
A6: ='Patrimônio'!A6 | B6: ='Patrimônio'!B6 | C6: 0 | D6: 0 | E6: 0 | F6: 0
A7: ='Patrimônio'!A7 | B7: ='Patrimônio'!B7 | C7: 0 | D7: 0 | E7: 0 | F7: 0
A8: ='Patrimônio'!A8 | B8: ='Patrimônio'!B8 | C8: 0 | D8: 0 | E8: 0 | F8: 0
A9: ='Patrimônio'!A9 | B9: ='Patrimônio'!B9 | C9: 0 | D9: 0 | E9: 0 | F9: 0
A10: ='Patrimônio'!A10 | B10: ='Patrimônio'!B10 | C10: 0 | D10: 0 | E10: 0 | F10: 0
A11: ='Patrimônio'!A11 | B11: ='Patrimônio'!B11 | C11: 0 | D11: 0 | E11: 0 | F11: 0
A12: ='Patrimônio'!A12 | B12: ='Patrimônio'!B12 | C12: 0 | D12: 0 | E12: 0 | F12: 0
A13: ='Patrimônio'!A13 | B13: ='Patrimônio'!B13 | C13: 0 | D13: 0 | E13: 0 | F13: 0
A14: ='Patrimônio'!A14 | B14: ='Patrimônio'!B14 | C14: 0 | D14: 0 | E14: 0 | F14: 0
... A21: ='Patrimônio'!A21 | B21: ='Patrimônio'!B21 | C21: 0 | D21: 0 | E21: 0 | F21: 0
